Map: Dusk Towers

Players

Inphyy - Winner!

  • Race: Protoss Protoss
  • League: Diamond

LilDicky

  • Race: Terran Terran
  • League: Diamond

VOD

http://www.twitch.tv/tumescentpie

Description

Time

  • Played on: Dec. 6, 2015, 9:51 p.m.
  • Length: 5:12
Show
View Real Time Build Order
Export as new Build Order

Inphyy Protoss - Winner!

Build Orders: Double Forge 

Get SALT Encoding   

  12  0:02  Probe (Chrono Boost)  
  13  0:12  Probe (Chrono Boost)  
  14  0:29  Probe (Chrono Boost)  
  14  0:32  Pylon  
  15  0:44  Assimilator  
  15  0:50  Probe (Chrono Boost), Gateway  
  16  1:01  Probe (Chrono Boost)  
  17  1:05  Pylon  
  18  1:11  Probe (Chrono Boost)  
  18  1:22  Probe (Chrono Boost)  
  19  1:25  Gateway  
  19  1:32  Probe (Chrono Boost)  
  20  1:38  Cybernetics Core  
  20  1:43  Probe (Chrono Boost)  
  21  1:53  Probe (Chrono Boost)  
  21  2:04  Probe (Chrono Boost)  
  22  2:14  Probe (Chrono Boost)  
  23  2:17  Stalker x2  
  23  2:19  Warp Gate (Chrono Boost)  
  27  2:25  Probe  
  28  2:33  Nexus  
  28  2:41  Probe  
  29  2:45  Assimilator  
  29  2:52  Pylon  
  29  2:53  Probe  
  30  3:10  Mothership Core  
  32  3:17  Robotics Facility  
  32  3:31  Probe  
  33  3:43  Probe  
  33  3:46  Probe, Forge  
  33  3:47  Forge  
  35  3:55  Probe  
  35  3:57  Probe  
  37  4:05  Observer  
  37  4:08  Stalker  
  37  4:09  Stalker  
  42  4:13  Probe  
  42  4:15  Probe  
  44  4:21  Assimilator  
  44  4:24  Probe  
  44  4:27  Probe  
  46  4:35  Probe  
  47  4:39  Probe  
  48  4:47  Stalker  
  48  4:48  Stalker  
Show
View Real Time Build Order
Export as new Build Order

LilDicky Terran 

Build Orders:  

Get SALT Encoding   

  12  0:03  SCV  
  13  0:15  SCV  
  13  0:20  Supply Depot  
  14  0:27  SCV  
  15  0:39  Refinery  
  15  0:42  SCV  
  16  0:45  Barracks  
  16  0:54  SCV  
  17  1:06  SCV  
  18  1:23  SCV  
  19  1:32  Supply Depot, Marine  
  20  1:35  Orbital Command  
  20  1:48  Factory  
  20  1:51  Marine  
  21  2:03  Refinery  
  21  2:07  Barracks  
  21  2:09  Barracks Reactor, Barracks  
  21  2:13  SCV  
  22  2:18  Refinery  
  22  2:25  SCV  
  23  2:37  SCV  
  24  2:46  Marine x2  
  24  2:49  SCV  
  27  2:54  Barracks Tech Lab  
  27  2:56  Barracks Tech Lab  
  27  2:58  Widow Mine  
  27  3:01  SCV  
  27  3:04  Marine  
  27  3:05  Marine  
  31  3:08  Supply Depot  
  31  3:14  SCV  
  31  3:17  Combat Shields  
  31  3:18  Marine  
  33  3:40  Marauder, Marine x2  
  39  3:45  Starport  
  39  3:46  Marine  
  39  3:47  SCV  
  39  3:52  Supply Depot  
  39  4:02  Marauder  
  41  4:04  Marine  
  42  4:11  Marauder, Marine  
  42  4:15  SCV  
  46  4:21  Supply Depot  
  46  4:25  Medivac  
  46  4:31  Marauder  
  46  4:51  Marine  
Tags
 
Add a new tag
Caveats
  • Supply blocks, unpowered buildings, or Contaminate may cause inaccurate times.
  • Supply counts are checked every 10 seconds.